 Dungeon Crawl Stone Soup version 0.25.1-2-g60ff931df9 (webtiles) character file.

Game seed: 6172131846311454841

135 Kaiern the Vexing (level 5, -1/31 HPs)
             Began as a Kobold Arcane Marksman on Aug 18, 2020.
             Slain by a worker ant (6 damage)
             ... on level 5 of the Dungeon.
             The game lasted 00:09:33 (2149 turns).

Kaiern the Vexing (Kobold Arcane Marksman)          Turns: 2149, Time: 00:09:34

Health: -1/31      AC:  3    Str:  7    XL:     5   Next: 42%
Magic:  7/8        EV: 16    Int: 15    God:
Gold:   63         SH:  0    Dex: 16    Spells: 7/8 levels left

rFire    . . .     SeeInvis .   a - +1 shortbow
rCold    . . .     Gourm    .   (shield currently unavailable)
rNeg     . . .     Faith    .   k - +0 leather armour
rPois    .         Spirit   .   (no helmet)
rElec    .         Reflect  .   (no cloak)
rCorr    .         Harm     .   (no gloves)
MR       .....     Rnd*Tele +   (no boots)
Stlth    +.........             (no amulet)
HPRegen  0.10/turn              h - ring of teleportation (curse)
MPRegen  0.11/turn              (no ring)

@: no status effects
A: small, carnivore
a: no special abilities


You were on level 5 of the Dungeon.
You were very full.

You visited 1 branch of the dungeon, and saw 5 of its levels.

You collected 63 gold pieces.

Inventory:

Hand Weapons
 a - a +1 shortbow (weapon)
 q - a +2 short sword of freezing
Missiles
 c - 2 boomerangs
 d - 21 arrows (quivered)
 m - 33 sling bullets
 n - 19 bolts
Armour
 k - a +0 leather armour (worn)
Jewellery
 h - a cursed ring of teleportation (left hand)
Scrolls
 g - a scroll of identify
 i - a scroll of magic mapping
 l - a scroll of teleportation
 o - a scroll of fog
Potions
 b - a potion of lignification
 e - a potion of ambrosia {unknown}
 j - 3 potions of curing {unknown}
 p - a potion of mutation {unknown}
Comestibles
 f - 3 rations


   Skills:
 + Level 2.7 Fighting
 - Level 2.0 Bows
 + Level 3.8 Dodging
 + Level 2.4 Spellcasting
 + Level 3.8 Hexes


You had 7 spell levels left.
You knew the following spells:

 Your Spells              Type           Power        Failure   Level  Hunger
a - Corona                Hex            ##.....      7%          1    #......

Your spell library contained the following spells:

 Spells                   Type           Power        Failure   Level  Hunger
 Slow                     Hex            ##......     10%         2    ###....
 Inner Flame              Hex/Fire       #.......     41%         3    ###....
 Portal Projectile        Hex/Tloc       #.....       41%         3    ###....
 Cause Fear               Hex            ##........   54%         4    #####..
 Leda's Liquefaction      Hex/Erth       #.........   82%         4    #####..


Dungeon Overview and Level Annotations

Branches:
Dungeon (6/15)
 Temple: D:4-7

Altars:
Cheibriados
Dithmenos
Fedhas
Gozag
Hepliaklqana
Uskayaw
Vehumet
Xom

Annotations:
D:2 Terence


Innate Abilities, Weirdness & Mutations

You are small and have problems with some larger weapons.
You are carnivorous and can eat meat at any time.


Message History

The worker ant is outlined in light.
Firing (i - inventory. (/) - cycle)
d - 24 arrows (quivered)
Press: ? - help, Shift-Dir - straight line, f/p - worker ant
Aim: a worker ant (softly glowing)
You shoot an arrow. The arrow hits the worker ant.
The worker ant is moderately wounded.
Firing (i - inventory. (/) - cycle)
d - 23 arrows (quivered)
Press: ? - help, Shift-Dir - straight line, f/p - worker ant
Aim: a worker ant (moderately wounded, softly glowing)
You shoot an arrow. The arrow hits the worker ant.
The worker ant is severely wounded.
Firing (i - inventory. (/) - cycle)
d - 22 arrows (quivered)
Press: ? - help, Shift-Dir - straight line, f/p - worker ant
Aim: a worker ant (severely wounded, softly glowing)
You shoot an arrow. The arrow hits the worker ant.
The worker ant is almost dead.
The worker ant bites you.
* * * LOW HITPOINT WARNING * * *
The worker ant bites you.
You die...

... .............. .
..##..#.........(..
..
#..##.##.......(?.#
(.##..##.#...........
......##.##.....(# (#
.........#.......##.#
#............._.((.##
#..>....._...a...#
#...........@...##
#......._..⌠...)#
#.###.#..........#
#$# #.##._..$_......
#.. ......._.......#
.............#...##..
##..........##...# .
#.........## ....


You could see a worker ant (corona).

Vanquished Creatures
  A bullfrog skeleton (D:5)
  4 gnolls
  4 adders
  An ooze (D:1)
  A leopard gecko (D:3)
  8 bats
  A giant cockroach (D:1)
  2 goblins (D:1)
  2 hobgoblins
  4 kobolds
  A quokka (D:2)
  2 ball pythons
  4 rats (D:2)
35 creatures vanquished.

Notes
Turn   | Place    | Note
-------+----------+-------------------------------------------
     0 | D:1      | Kaiern the Kobold Arcane Marksman began the quest for the
                  | Orb.
     0 | D:1      | Reached XP level 1. HP: 12/12 MP: 2/2
   322 | D:1      | Reached XP level 2. HP: 15/16 MP: 2/4
   939 | D:2      | Noticed Terence
   941 | D:2      | Reached XP level 3. HP: 21/21 MP: 5/5
   942 | D:2      | Found a shimmering altar of Xom.
  1265 | D:2      | Reached XP level 4. HP: 26/26 MP: 4/6
  1283 | D:2      | Found a faded altar of an unknown god.
  1826 | D:3      | You fall into a shaft and drop 3 floors!
  1856 | D:6      | HP: 1/26 [gnoll/cursed -2 halberd (15)]
  2084 | D:6      | Noticed an orc warrior
  2087 | D:5      | Entered Level 5 of the Dungeon
  2087 | D:5      | Found a shadowy altar of Dithmenos.
  2087 | D:5      | Found a blossoming altar of Fedhas.
  2087 | D:5      | Found a hazy altar of Hepliaklqana.
  2093 | D:5      | Found a radiant altar of Vehumet.
  2093 | D:5      | Found a snail-covered altar of Cheibriados.
  2095 | D:5      | Found a hide-covered altar of Uskayaw.
  2095 | D:5      | Found an opulent altar of Gozag.
  2103 | D:5      | Reached XP level 5. HP: 27/31 MP: 6/8
  2149 | D:5      | Slain by a worker ant

Illustrated notes

Levels and vault maps discovered:
D:1:      lemuel_arrival_room, layout_basic
D:2:      layout_basic, nicolae_overflow_hidden_temple,
          chequers_ecumenical_altar_simple_redux, uniq_terence
D:3:      layout_rooms, uniq_jessica
D:5:      layout_cave_pools, grunt_temple_overflow_open, first_ration,
          serial_shops, nicolae_shop_trees
D:6:      layout_basic, portal_sewer_entry_b, uniq_menkaure, uniq_prince_ribbit1

Skill      XL: |  1  2  3  4 |
---------------+-------------+-----
Dodging        | 3 |  3.8
Fighting       | 2 |  2.7
Spellcasting   | 2 |  2.4
Bows           | |  2.0
Hexes          | |  3.8

Action                   |  1- 3 |  4- 6 || total
-------------------------+-------+-------++-------
Melee: Short sword       |       |    12 ||    12
 Fire: Shortbow          |    71 |    30 ||   101
 Cast: Corona            |    18 |     5 ||    23
  Use: Scroll            |     7 |     1 ||     8
  Eat: Chunk             |    10 |     2 ||    12
Armor: Robe              |    10 |     1 ||    11
       Leather armour    |       |     2 ||     2
Dodge: Dodged            |    40 |    19 ||    59
